 Dungeon Crawl Stone Soup version 0.26-a0-597-gb535b0901c (webtiles) character file.

Game seed: 12400309485331917048

70 Alarkh the Skirmisher (level 4, 32/35 HPs)
             Began as a Demonspawn Fighter on Sept 3, 2020.
             Got out of the dungeon alive.
             The game lasted 00:01:54 (921 turns).

Alarkh the Skirmisher (Demonspawn Fighter)           Turns: 921, Time: 00:01:55

Health: 32/35      AC:  6    Str: 17    XL:     4   Next: 3%
Magic:  4/4        EV:  7    Int: 10    God:
Gold:   75         SH:  9    Dex: 12    Spells: 3/3 levels left

rFire    . . .     SeeInvis .     - Unarmed
rCold    . . .     Faith    .   b - +0 kite shield
rNeg     . . .     Spirit   .   a - +0 scale mail
rPois    .         Reflect  .   (no helmet)
rElec    .         Harm     .   (no cloak)
rCorr    .                      (no gloves)
MR       .....                  (no boots)
Stlth    ..........             (no amulet)
HPRegen  0.11/turn              (no ring)
MPRegen  0.09/turn              (no ring)

@: no status effects
A: hooves 1, spiny 2
a: no special abilities


You escaped.
You visited 1 branch of the dungeon, and saw 2 of its levels.

You collected 75 gold pieces.

Inventory:

Armour
 a - a +0 scale mail (worn)
 b - a +0 kite shield (worn)
Scrolls
 d - a scroll of amnesia {unknown}
 e - a scroll of magic mapping {unknown}
 f - a scroll of enchant weapon {unknown}
 g - 2 scrolls of identify {unknown}
 h - 2 scrolls of immolation {unknown}
 j - a scroll of teleportation {unknown}
Potions
 c - 2 potions of might
 i - a potion of resistance {unknown}


   Skills:
 + Level 3.5 Fighting
 - Level 2.6 Armour
 + Level 3.2 Shields
 * Level 3.0 Unarmed Combat


You had 3 spell levels left.
You didn't know any spells.
Your spell library was empty.

Dungeon Overview and Level Annotations

Branches:
Dungeon (2/15)

Altars:
Makhleb


Innate Abilities, Weirdness & Mutations

You have large cloven feet.
You are mostly covered in sharp spines.


Message History

You block the adder's attack.
You barely miss the adder.
The adder is almost dead.
You block the adder's attack. x2
You hit the adder.
You kill the adder!
You have reached level 4!
You feel stronger.
Your demonic ancestry asserts itself...
Your feet thicken and deform.
You see here a +0 club.
There is a stone staircase leading up here.
You climb upwards.
There is a stone staircase leading down here.
You see here 23 arrows.
You open the door.
There is an open door here.
You see here 26 stones.
There is a staircase leading out of the dungeon here.
Are you sure you want to leave the Dungeon?
This will make you lose the game!
You have escaped!

.................................
#######..#..#...##..#..####'#.###
#..#..#...###.#...[........
#..#..#...#.+.#............
#######..#..#...#.#.##........###
.........#..#...#.#.##.........#
########.#..#...#(#.##.....PPP.PP
#.#..##.##.#.##.####P.....
#######...... .#@.'.##.###.P.PPPP
..........(.# ##.#.#......P.....
........... #.#.#......P.P.P.
........... #(#.#......P.P.P.
........... #.#........PPPPPP
##...###### #['(.......P...P.
#.....#..# ###........PPP.P.
##.....#..# #............P...
....#.....#######.#.#......P.P.P.


There were no monsters in sight!

Vanquished Creatures
  Jessica (D:2)
  An adder (D:2)
  A worm (D:2)
  A leopard gecko (D:2)
  6 bats
  2 giant cockroaches (D:1)
  5 hobgoblins
  6 kobolds
  A frilled lizard (D:1)
  3 goblins
  2 rats
29 creatures vanquished.

Notes
Turn   | Place    | Note
-------+----------+-------------------------------------------
     0 | D:1      | Alarkh the Demonspawn Fighter began the quest for the Orb.
     0 | D:1      | Reached XP level 1. HP: 18/18 MP: 1/1
   307 | D:1      | Gained mutation: You are partially covered in sharp spines.
                  | [demonic ancestry]
   307 | D:1      | Reached XP level 2. HP: 24/24 MP: 2/2
   569 | D:1      | You fall into a shaft and drop 1 floor!
   586 | D:2      | Noticed Jessica
   601 | D:2      | Killed Jessica
   601 | D:2      | Gained mutation: You are mostly covered in sharp spines.
                  | [demonic ancestry]
   601 | D:2      | Reached XP level 3. HP: 16/29 MP: 3/3
   796 | D:2      | Found a burning altar of Makhleb.
   796 | D:2      | Noticed a balrug
   874 | D:2      | Gained mutation: You have large cloven feet. [demonic
                  | ancestry]
   874 | D:2      | Reached XP level 4. HP: 27/35 MP: 4/4
   921 | D:$      | Got out of the dungeon alive.

Illustrated notes

Levels and vault maps discovered:
D:1:      minmay_arrival_three_doors, layout_basic, st_stairs_6,
          minmay_hedge_maze, hangedman_decor_push
D:2:      layout_rooms, makhleb_altar_promises_db, uniq_jessica

Skill      XL: |  1  2  3 |
---------------+----------+-----
Unarmed Combat | 2 3 |  3.0
Shields        | 3 |  3.2
Fighting       | |  3.5
Armour         | |  2.6

Action                   |  1- 3 |  4- 6 || total
-------------------------+-------+-------++-------
Melee: Unarmed           |   121 |       ||   121
Armor: Scale mail        |    52 |       ||    52
Dodge: Dodged            |    36 |       ||    36
Block: Kite shield       |    46 |       ||    46

Table legend: (Time is in decaauts)
 A = Elapsed time spent in this place.
 B = Non-inter-level travel time spent in this place.
 C = Inter-level travel time spent in this place.
 D = Time resting spent in this place.
 E = Time spent auto-exploring this place.
 F = Levels seen in this place.
 G = Mean time per level.
                   A        B        C        D        E       F      G
               +--------+--------+--------+--------+--------+-----+--------+
         Total |    926 |    883 |     43 |     72 |    589 |   2 |  463.0 |
       Dungeon |    926 |    883 |     43 |     72 |    589 |   2 |  463.0 |
               +--------+--------+--------+--------+--------+-----+--------+

Top non-repeatable levels by time:
     D:1: 600 daAuts
     D:2: 326 daAuts
